 Dungeon Crawl Stone Soup version 0.31.0-12-g77e489cdc1 (webtiles) character file.

Game seed: 545830197817855823

3402 Faeranduil the Covert (level 9, -4/39 HPs)
             Began as a Spriggan Enchanter on Feb 26, 2024.
             Was a Believer of Vehumet.
             Slain by a yak (15 damage)
             ... on level 9 of the Dungeon on Feb 28, 2024.
             The game lasted 00:33:42 (10289 turns).

Faeranduil the Covert (Spriggan Enchanter)         Turns: 10289, Time: 00:33:42

Health: -4/39      AC:  4    Str:  4    XL:     9   Next: 75%
Magic:  15/22      EV: 17    Int: 20    God:    Vehumet [**....]
Gold:   474        SH:  0    Dex: 16    Spells: 15/24 levels left

rFire   . . .        a - +5 dagger (freeze)
rCold   . . .        (no shield)
rNeg    . . .        t - +0 robe
rPois   .            (helmet restricted)
rElec   .            m - +1 cloak
rCorr   +            (gloves unavailable)
SInv    +            (boots unavailable)
Will    +....        (no amulet)
Stlth   ++++         n - ring of resist corrosion
HPRegen 0.26/turn    (no ring)
MPRegen 0.18/turn

%: no passive effects
@: very quick
A: very small, no large weapons, unfitting armour, see invisible, speed 3
a: Renounce Religion


You were on level 9 of the Dungeon.
You worshipped Vehumet.
Vehumet was pleased with you.
You visited 2 branches of the dungeon, and saw 10 of its levels.

You collected 474 gold pieces.

Inventory:

Hand Weapons
 a - a +5 dagger of freezing (weapon)
 b - the +2 sling of the Orb {elec, rPois rC++ Str-2 Dex+2}
   (You found it on level 4 of the Dungeon)

   Str-2:     It affects your strength (-2).
   Dex+2:     It affects your dexterity (+2).
   rC++:      It greatly protects you from cold.
   rPois:     It protects you from poison
Missiles
 z - 2 throwing nets (quivered)
Armour
 m - a +1 cloak (worn)
 t - a +0 robe (worn)
 B - a scarf of repulsion
Jewellery
 f - a ring of flight
 l - a ring of fire
 n - a ring of resist corrosion (left hand)
Wands
 r - a wand of roots (8)
 G - a wand of charming (5)
Scrolls
 d - a scroll of blinking
 e - 3 scrolls of noise
 g - 4 scrolls of fog
 h - a scroll of immolation
 i - a scroll of amnesia
 k - 5 scrolls of teleportation
 u - 3 scrolls of torment
 y - 2 scrolls of vulnerability {unknown}
 A - 5 scrolls of revelation
 D - a scroll of butterflies {unknown}
 E - a scroll of fear {unknown}
Potions
 c - 4 potions of invisibility
 j - 3 potions of curing
 o - a potion of heal wounds
 p - 4 potions of attraction
 q - a potion of resistance {unknown}
 s - 2 potions of mutation
 v - a potion of haste {unknown}
 w - 2 potions of might {unknown}
 x - a potion of degeneration {unknown}
 C - a potion of lignification {unknown}
 F - a potion of ambrosia {unknown}


   Skills:
 * Level 8.4 Short Blades
 - Level 2.6 Dodging
 - Level 10.0 Stealth
 - Level 8.0 Spellcasting
 + Level 2.7 Conjurations
 - Level 7.0 Hexes
 + Level 3.8 Translocations
 + Level 3.8 Alchemy


You had 15 spell levels left.
You knew the following spells:

 Your Spells              Type           Power      Damage    Failure   Level
a - Sting                 Conj/Alch      84%        1d8       2%          1
b - Ensorcelled Hibernat  Hex/Ice        44%        N/A       3%          2
d - Mephitic Cloud        Conj/Alch/Air  16%        N/A       11%         3
x - Tukima's Dance        Hex            36%        N/A       1%          3

Your spell library contained the following spells:

 Spells                   Type           Power      Damage    Failure   Level
 Apportation              Tloc           46%        N/A       1%          1
 Jinxbite                 Hex            72%        N/A       1%          2
 Confusing Touch          Hex            36%        N/A       1%          3
 Dazzling Flash           Conj/Hex       54%        N/A       3%          3
 Dimensional Bullseye     Hex/Tloc       14%        N/A       9%          4
 Hailstorm                Conj/Ice       13%        3d6       14%         3
 Iskenderun's Mystic Bla  Conj/Tloc      21%        2d6       22%         4
 Summon Ice Beast         Ice/Summ       8%         N/A       26%         3
 Yara's Violent Unravell  Hex/Alch       14%        3d7       26%         5
 Alistair's Intoxication  Alch           15%        N/A       43%         5
 Sculpt Simulacrum        Ice/Alch       7%         N/A       99%         6
 Enfeeble                 Hex            18%        N/A       99%         7


Dungeon Overview and Level Annotations

Branches:
Dungeon (9/15)             Temple (1/1) D:4
   Lair: D:8-11         Orc: D:9-12

Altars:
Ashenzari
Cheibriados
Dithmenos
Elyvilon
Fedhas
Gozag
Kikubaaqudgha
Makhleb
Okawaru
Qazlal
Sif Muna
Trog
Uskayaw
Vehumet
Wu Jian
Xom
Yredelemnul
Zin
The Shining One

Annotations:
D:7 Menkaure


Innate Abilities, Weirdness & Mutations

You are very small and have problems with some larger weapons.
You are too small for most types of armour.
You have supernaturally acute eyesight. (SInv)
You cover ground extremely quickly. (Speed+++)


Message History

You feel sick.
You feel sick.
Your magical contamination has completely faded away.
You see here a howler monkey corpse.
Casting: Sting (safe; 2% risk of failure)
Confirm with . or Enter, or press ? or * to list all spells.
Aiming: Sting (safe; 2% risk of failure)
Press: ? - help, Shift-Dir - straight line, f - yak
Aim: a yak (85% to hit)
The sting hits the yak.
The yak is poisoned.
The yak is lightly wounded.
You feel sick.
Casting: Sting (safe; 2% risk of failure)
Confirm with . or Enter, or press ? or * to list all spells.
Aiming: Sting (safe; 2% risk of failure)
Press: ? - help, Shift-Dir - straight line, f/p - yak
Aim: a yak (lightly wounded, poisoned, 85% to hit)
The sting hits the yak.
The yak looks even sicker.
The yak is moderately wounded.
You feel sick.
You are no longer poisoned.
The yak gores you!
Casting: Sting (safe; 2% risk of failure)
Confirm with . or Enter, or press ? or * to list all spells.
Aiming: Sting (safe; 2% risk of failure)
Press: ? - help, Shift-Dir - straight line, f/p - yak
Aim: a yak (moderately wounded, very poisoned, 85% to hit)
The sting hits the yak.
The yak looks even sicker.
The yak is moderately wounded.
The yak gores you.
* * * LOW HITPOINT WARNING * * *
Casting: Sting (safe; 2% risk of failure)
Confirm with . or Enter, or press ? or * to list all spells.
Aiming: Sting (safe; 2% risk of failure)
Press: ? - help, Shift-Dir - straight line, f/p - yak
Aim: a yak (moderately wounded, very poisoned, 85% to hit)
The sting hits the yak.
The yak looks as sick as possible!
The yak is heavily wounded.
The yak gores you!
You die...

#..# z... #.## z#.
####.# ### ### .
#....# #.## ##.# .#
#....###..# #..# #.#
#....[##..###..##..#..
#......##..#..##.....
#......(..†....Y.#
####+#######.#@#.....
...#<# ..[. #######
... .. .


You could see a yak (extremely poisoned).

Vanquished Creatures
  A two-headed ogre (D:8)
  Pikel (D:3)
  A hornet (D:9)
  Sigmund (D:3)
  An ice beast (D:7)
  An orc warrior (D:6)
  2 sky beasts
  2 black bears
  An ogre (D:4)
  A centaur (D:5)
  A kobold brigand (D:7)
  2 bullfrogs
  2 scorpions
  A wight (D:9)
  3 howler monkeys
  A bombardier beetle (D:7)
  A hound (D:6)
  A quasit (D:4)
  An orc priest (D:7)
  2 gnoll boudas
  Crazy Yiuf (D:3)
  A jelly (D:7)
  5 iguanas
  3 orc wizards
  Robin (D:3)
  2 adders (D:3)
  13 gnolls
  4 shadow imps (D:4)
  A white imp (D:6)
  2 ufetubi (D:3)
  33 orcs
  7 ball pythons
  5 endoplasms
  6 giant cockroaches
  25 goblins
  20 hobgoblins
  8 jackals
  23 kobolds
  2 quokkas (D:4)
  7 bats
  3 frilled lizards (D:1)
  6 rats
205 creatures vanquished.

Vanquished Creatures (others)
  3 dancing weapons
3 creatures vanquished.

Grand Total: 208 creatures vanquished

Notes
Turn   | Place    | Note
-------+----------+-------------------------------------------
     0 | D:1      | Faeranduil the Spriggan Enchanter began the quest for the
                  | Orb.
     0 | D:1      | Reached XP level 1. HP: 9/9 MP: 5/5
   598 | D:1      | Reached XP level 2. HP: 13/13 MP: 6/6
   674 | D:1      | Reached skill level 5 in Stealth
  1479 | D:1      | Reached XP level 3. HP: 16/16 MP: 8/8
  2626 | D:2      | Learned a level 2 spell: Ensorcelled Hibernation
  2666 | D:3      | Noticed Sigmund
  2700 | D:3      | Killed Sigmund
  2701 | D:3      | Reached skill level 7 in Stealth
  2701 | D:3      | Reached XP level 4. HP: 21/21 MP: 6/10
  2701 | D:3      | Reached XP level 5. HP: 24/24 MP: 6/11
  3075 | D:3      | Noticed Robin
  3151 | D:3      | Killed Robin
  3293 | D:3      | Reached XP level 6. HP: 28/28 MP: 13/13
  3517 | D:3      | Found a runed translucent door.
  3518 | D:3      | Noticed Crazy Yiuf
  3525 | D:3      | Killed Crazy Yiuf
  3526 | D:3      | Reached skill level 5 in Hexes
  3594 | D:4      | Noticed Pikel
  3595 | D:4      | Reached skill level 8 in Stealth
  4169 | D:4      | Found a staircase to the Ecumenical Temple.
  4457 | D:4      | Reached XP level 7. HP: 32/32 MP: 7/15
  4569 | D:3      | Killed Pikel
  4570 | D:3      | Reached skill level 9 in Stealth
  4570 | D:3      | Reached skill level 5 in Spellcasting
  4621 | D:3      | Reached skill level 10 in Stealth
  4763 | Temple   | Entered the Ecumenical Temple
  4788 | Temple   | Became a worshipper of Vehumet
  4996 | D:3      | Reached XP level 8. HP: 36/36 MP: 12/17
  5306 | D:4      | Identified the +2 sling of the Orb {elec, rPois rC++ Str-2
                  | Dex+2}
  5415 | D:4      | Reached skill level 5 in Short Blades
  5517 | D:4      | You fall into a shaft and drop 2 floors!
  5535 | D:5      | Entered Level 5 of the Dungeon
  5671 | D:5      | Found a shimmering altar of Xom.
  6200 | D:5      | Reached * piety under Vehumet
  6200 | D:5      | Offered knowledge of Sting by Vehumet.
  6213 | D:5      | Learned a level 1 spell: Sting
  6217 | D:5      | Learned a level 3 spell: Tukima's Dance
  6997 | D:6      | Reached skill level 1 in Alchemy
  7341 | D:6      | Reached skill level 1 in Conjurations
  8221 | D:7      | Reached XP level 9. HP: 39/39 MP: 17/20
  8235 | D:7      | Identified the +0 halberd "Elakaes" {heavy, rC+ rN+ MP+9
                  | Str+3}
  8539 | D:7      | Noticed Menkaure
  8708 | D:7      | Found a stormy altar of Qazlal.
  8943 | D:7      | Reached ** piety under Vehumet
  8985 | D:7      | Offered knowledge of Momentum Strike by Vehumet.
  8992 | D:7      | Reached skill level 1 in Translocations
  9658 | D:8      | Noticed a two-headed ogre
  9692 | D:8      | Killed a two-headed ogre
  9811 | D:8      | Offered knowledge of Mephitic Cloud by Vehumet.
  9816 | D:8      | Learned a level 3 spell: Mephitic Cloud
 10289 | D:9      | Slain by a yak

Illustrated notes

Levels and vault maps discovered:
D:1:      dpeg_arrival_arbitrary_a, layout_loops_ring
D:2:      layout_basic
D:3:      kennysheep_big_flooded_room, layout_basic, uniq_crazy_yiuf_cottage,
          uniq_robin, uniq_sigmund
D:4:      layout_rooms, minmay_temple_entry_antechambers, serial_demonic,
          serial_demonic_b, serial_demonic_f, serial_demonic_e,
          serial_demonic_c, uniq_pikel
D:5:      layout_basic, nicolae_overflow_crystal_walls, nicolae_tricolors
D:6:      cheibrodos_helix_gallery, layout_loops_ring
D:7:      corexii_shantytown, layout_basic, mainiacjoe_overflow_surrounded_room,
          uniq_menkaure
D:8:      layout_rooms
D:9:      layout_basic, gammafunk_temple_overflow_claw,
          erik_lair_orcish_takeover, special_room [special_room_orc],
          minmay_fractal_squares_diagonal_5, uniq_erolcha, uniq_grum
Temple:   bh_familiar_temple

Skill      XL: |  1  2  3  4  5  6  7  8  9 |
---------------+----------------------------+-----
Stealth        | 5 7 8 10 | 10.0
Spellcasting   | 3 4 5 7 8 |  8.0
Hexes          | 4 5 6 7 |  7.0
Short Blades   | 2 3 4 6 8 |  8.4
Alchemy        | 2 3 |  3.8
Conjurations   | 1 2 |  2.7
Translocations | 3 |  3.8
Dodging        | |  2.6

Action                     |  1- 3 |  4- 6 |  7- 9 || total
---------------------------+-------+-------+-------++-------
  Melee: Dagger            |   172 |   123 |   176 ||   471
         Punch             |     1 |     1 |     1 ||     3
   Fire: Sling             |       |       |     4 ||     4
   Cast: Ensorcelled Hiber |     2 |    20 |    78 ||   100
         Tukima's Dance    |       |       |     6 ||     6
         Sting             |       |       |   105 ||   105
    Use: Scroll            |     3 |     7 |     8 ||    18
   Stab: Sleeping          |    13 |    18 |    44 ||    75
         Distracted        |     1 |       |     2 ||     3
 Armour: Robe              |    40 |    61 |    72 ||   173
  Dodge: Dodged            |   137 |   127 |   134 ||   398
